[ AOE2 MATCH · #507802771 ]
UnrankedHindustanis vs Gurjaras
Player's team · LOSS
[ REPLAY ANALYSIS · EXTRACTED FROM THE RECORDED GAME ]
Feudal
9:16
Castle
—
Imperial
—
| APM avg | 55.6 |
| APM peak | 86 |
| eAPM avg | 32.4 |
| Villagers / military | 80 / 35 |
Focus
⚔️ 29.9% · 🌾 70.1%
Archer ×27 · Scout Cavalry ×8
Feudal
18:30
Castle
—
Imperial
—
| APM avg | 58.0 |
| APM peak | 119 |
| eAPM avg | 28.7 |
| Villagers / military | 82 / 22 |
Focus
⚔️ 33.4% · 🌾 66.6%
Skirmisher ×12 · Spearman ×10
Match map
Initial resources + every placement click. Lines = walls · curves = elevation contours. ◆ gold · ⬟ stone · ● berries · ✦ relic · ◌ wall gap
Your base· Open — unwalled flank
Kbro de Dia- K1 de noche's base· Open — unwalled flank
Smoothed initial terrain · ◌ = detected wall gap · hover for details
Inputs per minute
— hro_ros - - Kbro de Dia- K1 de noche
Build order — hro_ros
First 150 of 163 actions detected
| 0:01 | Queue | Villager (Male) ×4 |
| 0:02 | Build | House |
| 0:04 | Build | House |
| 1:02 | Queue | Villager (Male) |
| 1:02 | Queue | Villager (Male) |
| 1:36 | Queue | Villager (Male) |
| 1:36 | Queue | Villager (Male) |
| 1:46 | Queue | Villager (Male) |
| 1:46 | Queue | Villager (Male) |
| 1:53 | Build | Lumber Camp |
| 2:25 | Queue | Villager (Male) |
| 2:40 | Queue | Villager (Male) |
| 2:40 | Queue | Villager (Male) |
| 3:08 | Queue | Villager (Male) |
| 3:09 | Queue | Villager (Male) |
| 3:24 | Build | House |
| 3:34 | Queue | Villager (Male) |
| 3:56 | Queue | Villager (Male) |
| 4:25 | Queue | Villager (Male) |
| 4:25 | Queue | Villager (Male) |
| 4:28 | Build | Mill |
| 4:49 | Build | Palisade Wall |
| 4:54 | Queue | Villager (Male) |
| 5:03 | Queue | Villager (Male) |
| 5:29 | Queue | Villager (Male) |
| 5:36 | Queue | Villager (Male) |
| 5:36 | Queue | Villager (Male) |
| 5:50 | Queue | Villager (Male) |
| 5:50 | Queue | Villager (Male) |
| 5:53 | Queue | Villager (Male) |
| 5:53 | Queue | Villager (Male) |
| 6:08 | Research | Loom |
| 6:55 | Research | Feudal Age |
| 7:37 | Queue | Villager (Male) |
| 7:41 | Build | Barracks |
| 7:43 | Build | Palisade Wall |
| 7:46 | Build | Palisade Wall |
| 7:47 | Build | Palisade Wall |
| 8:11 | Queue | Villager (Male) |
| 8:40 | Build | House |
| 9:16 | Age | Feudal Age |
| 9:18 | Build | Archery Range |
| 9:19 | Queue | Villager (Male) |
| 9:38 | Queue | Villager (Male) |
| 9:53 | Queue | Villager (Male) |
| 10:01 | Queue | Villager (Male) |
| 10:20 | Queue | Villager (Male) |
| 10:20 | Queue | Archer |
| 10:27 | Queue | Villager (Male) |
| 10:38 | Queue | Villager (Male) |
| 10:45 | Queue | Villager (Male) |
| 10:45 | Queue | Villager (Male) |
| 11:06 | Queue | Villager (Male) |
| 11:06 | Queue | Villager (Male) |
| 11:56 | Queue | Villager (Male) |
| 11:58 | Build | Mining Camp |
| 12:42 | Build | Lumber Camp |
| 12:43 | Queue | Villager (Male) |
| 12:59 | Queue | Archer |
| 12:59 | Queue | Archer |
| 13:00 | Queue | Villager (Male) |
| 13:00 | Queue | Villager (Male) |
| 13:01 | Queue | Villager (Male) |
| 13:02 | Build | House |
| 13:28 | Queue | Archer |
| 13:28 | Queue | Archer |
| 13:42 | Build | Watch Tower |
| 13:48 | Queue | Villager (Male) |
| 13:54 | Queue | Archer |
| 13:54 | Queue | Archer |
| 14:18 | Queue | Archer |
| 14:18 | Queue | Archer |
| 14:40 | Queue | Archer |
| 14:40 | Queue | Archer |
| 14:53 | Build | House |
| 14:59 | Queue | Archer |
| 15:08 | Build | House |
| 15:10 | Queue | Villager (Male) |
| 15:22 | Queue | Archer |
| 15:31 | Build | Mill |
| 15:32 | Build | Farm |
| 15:32 | Build | Farm |
| 15:32 | Build | Farm |
| 15:33 | Build | Farm |
| 15:38 | Queue | Archer |
| 15:47 | Queue | Archer |
| 15:52 | Queue | Villager (Male) |
| 15:57 | Queue | Villager (Male) |
| 16:02 | Build | Farm |
| 16:03 | Build | Farm |
| 16:38 | Queue | Archer |
| 17:06 | Queue | Villager (Male) |
| 17:08 | Build | Archery Range |
| 17:34 | Queue | Villager (Male) |
| 17:34 | Queue | Villager (Male) |
| 18:05 | Queue | Villager (Male) |
| 18:25 | Queue | Villager (Male) |
| 18:25 | Queue | Villager (Male) |
| 18:55 | Queue | Villager (Male) |
| 18:55 | Queue | Villager (Male) |
| 19:17 | Queue | Villager (Male) |
| 19:17 | Queue | Villager (Male) |
| 19:40 | Queue | Villager (Male) |
| 19:40 | Queue | Villager (Male) |
| 19:53 | Queue | Villager (Male) |
| 20:13 | Queue | Villager (Male) |
| 21:15 | Build | Mining Camp |
| 21:50 | Build | Archery Range |
| 22:12 | Build | Stable |
| 22:27 | Build | Town Center |
| 22:54 | Queue | Scout Cavalry |
| 22:54 | Queue | Scout Cavalry |
| 22:57 | Build | House |
| 23:00 | Build | House |
| 23:15 | Queue | Scout Cavalry |
| 23:15 | Queue | Scout Cavalry |
| 23:16 | Queue | Scout Cavalry |
| 23:17 | Build | House |
| 23:22 | Build | Lumber Camp |
| 23:31 | Queue | Archer |
| 23:32 | Queue | Archer |
| 23:37 | Queue | Scout Cavalry |
| 23:39 | Queue | Villager (Male) |
| 23:39 | Queue | Villager (Male) |
| 23:41 | Build | Farm |
| 23:43 | Build | House |
| 23:54 | Queue | Scout Cavalry |
| 24:15 | Queue | Archer |
| 24:19 | Queue | Villager (Male) |
| 24:51 | Build | House |
| 25:17 | Queue | Villager (Male) |
| 25:18 | Queue | Villager (Male) |
| 25:28 | Queue | Archer |
| 25:54 | Queue | Villager (Male) |
| 25:54 | Queue | Villager (Male) |
| 26:08 | Build | Mining Camp |
| 26:28 | Queue | Archer |
| 26:51 | Queue | Scout Cavalry |
| 26:58 | Build | Farm |
| 26:59 | Build | Farm |
| 27:00 | Build | Farm |
| 27:14 | Build | Mill |
| 27:15 | Build | Farm |
| 27:16 | Build | Farm |
| 27:16 | Build | Farm |
| 27:16 | Build | Farm |
| 27:19 | Queue | Villager (Male) |
| 27:19 | Queue | Villager (Male) |
| 28:21 | Queue | Villager (Male) |
| 28:21 | Queue | Villager (Male) |
Build order — Kbro de Dia- K1 de noche
First 150 of 222 actions detected
| 0:01 | Queue | Villager (Male) |
| 0:01 | Queue | Villager (Male) |
| 0:02 | Build | House |
| 0:03 | Build | House |
| 0:24 | Queue | Villager (Male) |
| 0:25 | Queue | Villager (Male) |
| 0:25 | Queue | Villager (Male) |
| 1:00 | Build | Mill |
| 1:38 | Queue | Villager (Male) |
| 1:38 | Queue | Villager (Male) |
| 1:38 | Queue | Villager (Male) |
| 2:03 | Queue | Villager (Male) |
| 2:03 | Queue | Villager (Male) |
| 2:03 | Queue | Villager (Male) |
| 2:27 | Queue | Villager (Male) |
| 2:29 | Queue | Villager (Male) |
| 2:30 | Queue | Villager (Male) |
| 2:59 | Queue | Villager (Male) |
| 3:00 | Queue | Villager (Male) |
| 3:07 | Research | Loom |
| 3:28 | Build | House |
| 3:47 | Queue | Villager (Male) |
| 3:47 | Queue | Villager (Male) |
| 3:47 | Queue | Villager (Male) |
| 3:47 | Queue | Villager (Male) |
| 4:06 | Queue | Villager (Male) |
| 4:06 | Queue | Villager (Male) |
| 4:06 | Queue | Villager (Male) |
| 5:01 | Queue | Villager (Male) |
| 5:01 | Queue | Villager (Male) |
| 5:35 | Build | House |
| 5:38 | Build | Lumber Camp |
| 5:58 | Build | Palisade Wall |
| 5:59 | Build | Palisade Wall |
| 5:59 | Build | Palisade Wall |
| 6:37 | Queue | Villager (Male) |
| 6:37 | Queue | Villager (Male) |
| 6:37 | Queue | Villager (Male) |
| 7:22 | Queue | Villager (Male) |
| 7:22 | Queue | Villager (Male) |
| 7:35 | Queue | Villager (Male) |
| 7:51 | Build | Palisade Wall |
| 7:51 | Build | Palisade Wall |
| 7:52 | Build | Palisade Wall |
| 7:53 | Build | Palisade Wall |
| 7:53 | Build | Palisade Wall |
| 7:56 | Queue | Villager (Male) |
| 8:09 | Build | Palisade Wall |
| 8:12 | Build | Palisade Wall |
| 8:12 | Build | Palisade Wall |
| 8:16 | Build | Palisade Wall |
| 8:19 | Build | Palisade Wall |
| 8:19 | Build | Palisade Wall |
| 8:21 | Build | Palisade Wall |
| 8:54 | Queue | Villager (Male) |
| 8:54 | Queue | Villager (Male) |
| 9:37 | Build | Town Center |
| 9:46 | Build | Palisade Wall |
| 9:49 | Build | Palisade Wall |
| 10:02 | Build | Palisade Wall |
| 10:04 | Build | Palisade Wall |
| 10:05 | Build | Palisade Wall |
| 10:36 | Build | Palisade Wall |
| 10:37 | Build | Palisade Wall |
| 10:57 | Build | Palisade Wall |
| 10:58 | Build | Palisade Wall |
| 11:00 | Build | Palisade Wall |
| 11:21 | Queue | Villager (Male) |
| 11:22 | Queue | Villager (Male) |
| 11:33 | Queue | Villager (Male) |
| 11:33 | Queue | Villager (Male) |
| 11:33 | Queue | Villager (Male) |
| 11:34 | Queue | Villager (Male) |
| 11:42 | Build | Mill |
| 11:45 | Queue | Villager (Male) |
| 11:45 | Queue | Villager (Male) |
| 11:46 | Queue | Villager (Male) |
| 12:01 | Queue | Villager (Male) |
| 12:01 | Queue | Villager (Male) |
| 12:25 | Queue | Villager (Male) |
| 12:43 | Build | House |
| 12:46 | Build | House |
| 12:52 | Queue | Villager (Male) |
| 12:52 | Queue | Villager (Male) |
| 12:52 | Queue | Villager (Male) |
| 12:52 | Queue | Villager (Male) |
| 13:17 | Build | House |
| 13:20 | Build | Palisade Wall |
| 13:21 | Build | Palisade Wall |
| 13:24 | Build | Palisade Gate |
| 13:26 | Build | Palisade Wall |
| 13:28 | Build | Palisade Wall |
| 13:42 | Build | Palisade Wall |
| 13:42 | Build | Palisade Wall |
| 13:42 | Build | Palisade Wall |
| 14:08 | Build | Town Center |
| 14:18 | Build | Palisade Wall |
| 14:19 | Build | Palisade Wall |
| 14:22 | Build | Palisade Wall |
| 15:00 | Queue | Villager (Male) |
| 15:00 | Queue | Villager (Male) |
| 15:01 | Queue | Villager (Male) |
| 15:16 | Build | Palisade Wall |
| 15:18 | Build | Palisade Wall |
| 15:26 | Queue | Villager (Male) |
| 15:26 | Queue | Villager (Male) |
| 15:52 | Build | Palisade Wall |
| 15:54 | Build | Palisade Gate |
| 15:55 | Queue | Villager (Male) |
| 15:55 | Queue | Villager (Male) |
| 16:07 | Build | House |
| 16:12 | Build | House |
| 16:20 | Research | Feudal Age |
| 16:20 | Research | Feudal Age |
| 16:49 | Build | Palisade Wall |
| 17:13 | Build | Barracks |
| 18:30 | Age | Feudal Age |
| 18:32 | Queue | Villager (Male) |
| 18:32 | Queue | Villager (Male) |
| 18:37 | Build | Mining Camp |
| 18:49 | Build | Archery Range |
| 18:54 | Research | Double-Bit Axe |
| 19:03 | Queue | Villager (Male) |
| 19:17 | Build | Blacksmith |
| 19:20 | Queue | Villager (Male) |
| 19:21 | Queue | Villager (Male) |
| 19:21 | Queue | Villager (Male) |
| 19:55 | Research | Fletching |
| 19:56 | Queue | Villager (Male) |
| 20:04 | Queue | Skirmisher |
| 20:50 | Build | Lumber Camp |
| 21:05 | Queue | Skirmisher |
| 21:05 | Queue | Skirmisher |
| 21:18 | Build | Outpost |
| 21:27 | Build | Outpost |
| 21:34 | Build | Farm |
| 21:36 | Build | Farm |
| 21:36 | Build | Farm |
| 21:42 | Queue | Villager (Male) |
| 21:52 | Build | Farm |
| 22:00 | Build | Outpost |
| 22:11 | Research | Town Watch |
| 22:13 | Queue | Villager (Male) |
| 22:24 | Queue | Skirmisher |
| 22:32 | Build | House |
| 22:49 | Build | Watch Tower |
| 23:01 | Queue | Villager (Male) |
| 23:03 | Build | Farm |
| 23:08 | Build | Outpost |
| 23:20 | Queue | Skirmisher |
Match timeline
| 4:49 | hro_ros · wall_segment Palisade Wall x1 |
| 5:58 | Kbro de Dia- K1 de noche · wall_segment Palisade Wall x1 |
| 5:59 | Kbro de Dia- K1 de noche · wall_segment Palisade Wall x1 |
| 5:59 | Kbro de Dia- K1 de noche · wall_segment Palisade Wall x1 |
| 7:41 | hro_ros · first_building Barracks |
| 7:43 | hro_ros · wall_segment Palisade Wall x1 |
| 7:46 | hro_ros · wall_segment Palisade Wall x1 |
| 7:47 | hro_ros · wall_segment Palisade Wall x1 |
| 7:51 | Kbro de Dia- K1 de noche · wall_segment Palisade Wall x1 |
| 7:51 | Kbro de Dia- K1 de noche · wall_segment Palisade Wall x1 |
| 7:52 | Kbro de Dia- K1 de noche · wall_segment Palisade Wall x1 |
| 7:53 | Kbro de Dia- K1 de noche · wall_segment Palisade Wall x1 |
| 7:53 | Kbro de Dia- K1 de noche · wall_segment Palisade Wall x1 |
| 8:09 | Kbro de Dia- K1 de noche · wall_segment Palisade Wall x1 |
| 8:12 | Kbro de Dia- K1 de noche · wall_segment Palisade Wall x1 |
| 8:12 | Kbro de Dia- K1 de noche · wall_segment Palisade Wall x1 |
| 8:16 | Kbro de Dia- K1 de noche · wall_segment Palisade Wall x1 |
| 8:19 | Kbro de Dia- K1 de noche · wall_segment Palisade Wall x1 |
| 8:19 | Kbro de Dia- K1 de noche · wall_segment Palisade Wall x1 |
| 8:21 | Kbro de Dia- K1 de noche · wall_segment Palisade Wall x1 |
| 9:16 | hro_ros · age_up feudal |
| 9:18 | hro_ros · first_building Archery Range |
| 9:46 | Kbro de Dia- K1 de noche · wall_segment Palisade Wall x1 |
| 9:49 | Kbro de Dia- K1 de noche · wall_segment Palisade Wall x1 |
| 10:02 | Kbro de Dia- K1 de noche · wall_segment Palisade Wall x1 |
| 10:04 | Kbro de Dia- K1 de noche · wall_segment Palisade Wall x1 |
| 10:05 | Kbro de Dia- K1 de noche · wall_segment Palisade Wall x1 |
| 10:36 | Kbro de Dia- K1 de noche · wall_segment Palisade Wall x1 |
| 10:37 | Kbro de Dia- K1 de noche · wall_segment Palisade Wall x1 |
| 10:57 | Kbro de Dia- K1 de noche · wall_segment Palisade Wall x1 |
| 10:58 | Kbro de Dia- K1 de noche · wall_segment Palisade Wall x1 |
| 11:00 | Kbro de Dia- K1 de noche · wall_segment Palisade Wall x1 |
| 13:20 | Kbro de Dia- K1 de noche · wall_segment Palisade Wall x6 |
| 13:21 | Kbro de Dia- K1 de noche · wall_segment Palisade Wall x9 |
| 13:26 | Kbro de Dia- K1 de noche · wall_segment Palisade Wall x1 |
| 13:28 | Kbro de Dia- K1 de noche · wall_segment Palisade Wall x5 |
| 13:42 | Kbro de Dia- K1 de noche · wall_segment Palisade Wall x1 |
| 13:42 | Kbro de Dia- K1 de noche · wall_segment Palisade Wall x1 |
| 13:42 | Kbro de Dia- K1 de noche · wall_segment Palisade Wall x1 |
| 14:18 | Kbro de Dia- K1 de noche · wall_segment Palisade Wall x1 |
| 14:19 | Kbro de Dia- K1 de noche · wall_segment Palisade Wall x1 |
| 14:22 | Kbro de Dia- K1 de noche · wall_segment Palisade Wall x1 |
| 15:16 | Kbro de Dia- K1 de noche · wall_segment Palisade Wall x1 |
| 15:18 | Kbro de Dia- K1 de noche · wall_segment Palisade Wall x1 |
| 15:52 | Kbro de Dia- K1 de noche · wall_segment Palisade Wall x4 |
| 16:49 | Kbro de Dia- K1 de noche · wall_segment Palisade Wall x1 |
| 17:13 | Kbro de Dia- K1 de noche · first_building Barracks |
| 18:30 | Kbro de Dia- K1 de noche · age_up feudal |
| 18:49 | Kbro de Dia- K1 de noche · first_building Archery Range |
| 22:12 | hro_ros · first_building Stable |
| 23:42 | Kbro de Dia- K1 de noche · wall_segment Palisade Wall x1 |
| 23:42 | Kbro de Dia- K1 de noche · wall_segment Palisade Wall x1 |
| 23:42 | Kbro de Dia- K1 de noche · wall_segment Palisade Wall x1 |
| 23:43 | Kbro de Dia- K1 de noche · wall_segment Palisade Wall x1 |
| 23:43 | Kbro de Dia- K1 de noche · wall_segment Palisade Wall x1 |
| 23:43 | Kbro de Dia- K1 de noche · wall_segment Palisade Wall x1 |
| 23:43 | Kbro de Dia- K1 de noche · wall_segment Palisade Wall x2 |
| 23:43 | Kbro de Dia- K1 de noche · wall_segment Palisade Wall x2 |
| 23:44 | Kbro de Dia- K1 de noche · wall_segment Palisade Wall x2 |
| 23:44 | Kbro de Dia- K1 de noche · wall_segment Palisade Wall x1 |
| 23:44 | Kbro de Dia- K1 de noche · wall_segment Palisade Wall x1 |
| 23:44 | Kbro de Dia- K1 de noche · wall_segment Palisade Wall x2 |
| 23:44 | Kbro de Dia- K1 de noche · wall_segment Palisade Wall x1 |
| 24:17 | Kbro de Dia- K1 de noche · wall_segment Palisade Wall x1 |
| 24:19 | Kbro de Dia- K1 de noche · wall_segment Palisade Wall x1 |
| 24:27 | Kbro de Dia- K1 de noche · wall_segment Palisade Wall x1 |
| 24:28 | Kbro de Dia- K1 de noche · wall_segment Palisade Wall x1 |
| 24:32 | Kbro de Dia- K1 de noche · wall_segment Palisade Wall x2 |
| 24:34 | Kbro de Dia- K1 de noche · wall_segment Palisade Wall x1 |
| 29:15 | hro_ros · resign |
[ AI ANALYSIS · 1 CREDIT ]
What really happened in this match?
Wolo.gg analyzes every decision: build order, eco, micro, common mistakes by bracket. Personalized analysis on WhatsApp or Discord in 30 seconds.
Civ guide
Hindustanis
Perfil
Jugador #547067